 Dungeon Crawl Stone Soup version 0.21.1-1-g345015f (webtiles) character file.

4200 rlgrobin the Cleaver (level 10, -4/88 HPs)
             Began as a Hill Orc Fighter on Mar 4, 2018.
             Shot with an arrow by a centaur warrior (11 damage)
             ... on level 12 of the Dungeon.
             The game lasted 00:27:54 (4520 turns).

rlgrobin the Cleaver (Hill Orc Fighter)             Turns: 4520, Time: 00:27:56

Health: -4/88      AC:  9    Str: 28    XL:     10   Next: 29%
Magic:  10/10      EV:  9    Int:  8    God:
Gold:   237        SH: 11    Dex: 10    Spells: 9/9 levels left

rFire    + + +     SeeInvis .   i - +8 hand axe of Nytohel {chop, *Rage rPois rF+++ MR-}
rCold    . . .     Gourm    .   c - +0 shield
rNeg     . . .     Faith    .   b - +0 scale mail
rPois    +         Spirit   .   (helmet restricted)
rElec    .         Reflect  .   e - +0 cloak {rPois}
rCorr    .         Harm     .   (no gloves)
MR       .....     Rnd*Rage +   (no boots)
Stlth    ..........             (no amulet)
HPRegen  0.24/turn              (no ring)
MPRegen  0.12/turn              (no ring)

@: mighty, barbed spikes
A: fangs 1, horns 1, talons 1
a: no special abilities


You were on level 12 of the Dungeon.
You were not hungry.

You visited 1 branch of the dungeon, and saw 12 of its levels.

You collected 237 gold pieces.

Inventory:

Hand Weapons
 i - the +8 hand axe of Nytohel (weapon) {chop, *Rage rPois rF+++ MR-}
   (You found it on level 4 of the Dungeon)

   It inflicts extra damage upon your enemies.
   It renders you almost immune to fire.
   It protects you from poison.
   It affects your resistance to hostile enchantments.
   It may make you go berserk in combat.
Armour
 b - a +0 scale mail (worn)
 c - a +0 shield (worn)
 e - a +0 cloak of poison resistance (worn)
Scrolls
 g - 2 scrolls of fear {remove curse, unknown}
 k - 3 scrolls of identify {unknown}
 l - a scroll of magic mapping
 m - a scroll of random uselessness {unknown}
 n - 5 scrolls of remove curse
 o - 2 scrolls of amnesia {unknown}
 p - a scroll of fog {unknown}
 q - a scroll of enchant armour {unknown}
 s - a scroll of blinking {unknown}
Potions
 a - a potion of brilliance {unknown}
 d - a potion of heal wounds {unknown}
 h - 2 potions of ambrosia
Comestibles
 f - 7 rations


   Skills:
 + Level 7.7 Fighting
 + Level 12.6 Axes
 + Level 7.4 Armour
 + Level 2.7 Dodging
 + Level 1.3 Stealth
 + Level 7.1 Shields


You had 9 spell levels left.
You didn't know any spells.

Dungeon Overview and Level Annotations

Branches:
Dungeon (12/15)
 Temple: D:4-7         Lair: D:8-11         Orc: D:9-12

Altars:
Dithmenos
Gozag
Okawaru
Ru
Wu Jian

Portals:
Trove: D:12 (give 10 potions of heal wounds)


Innate Abilities, Weirdness & Mutations

You have very sharp teeth.
You have a pair of small horns on your head.
You have sharp toenails.


Message History

You feel very mighty all of a sudden.
You block the seven-headed hydra's attack.
The seven-headed hydra bites you but does no damage.
The seven-headed hydra bites you. The seven-headed hydra bites you!
* * * LOW HITPOINT WARNING * * *
The seven-headed hydra bites you but does no damage.
The seven-headed hydra closely misses you.
The seven-headed hydra bites you!
* * * LOW HITPOINT WARNING * * *
The manticore bites you!
* * * LOW HITPOINT WARNING * * *
The manticore claws you but does no damage. x2
You hit the manticore. You claw the manticore! You headbutt the manticore!
The manticore is severely wounded.
You slice one of the seven-headed hydra's heads off!
The six-headed hydra grows two more!
You slash the eight-headed hydra!
The centaur warrior wields a glowing shortbow.
It is covered in frost.
The centaur warrior shoots an arrow.
The arrow hits you!
You die...

#. ##.#.#
#>###.÷)÷###.#.#
.#####..)..÷[.......#
........÷.÷)÷........
##.####.###.#####.(##
...#.....#.... ...
#..#(..#..## ##
...#..%.....# .##
#OH@#.#..# #yD...#.##
#...==/c...#.#
##..cZ####.# #.)#).
... ..)..# ##..#
#|C.. ..# .... .#
#...


You could see an eight-headed hydra, a centaur warrior, a two-headed ogre, a
manticore, a cyclops, a meliai, a centaur and a centaur warrior simulacrum.

Vanquished Creatures
  A manticore (D:12)
  A kobold demonologist (D:12)
  2 trolls
  Sigmund (D:5)
  A shadow (D:12)
  6 yaks (D:10)
  A hungry ghost (D:12)
  A sky beast (D:7)
  An orc warrior (D:6)
  3 ogres
  A centaur (D:5)
  Blork the orc (D:4)
  A big kobold (D:7)
  3 bullfrogs
  A scorpion (D:4)
  9 killer bees
  A bullfrog zombie (D:12)
  2 crimson imps
  4 hounds
  2 jellies
  2 orc wizards
  An orc priest (D:6)
  Natasha (twice) (D:4 D:3)
  A worker ant (D:6)
  4 adders
  3 gnolls (D:4)
  A shadow imp (D:6)
  An adder zombie (D:5)
  5 worms
  A dart slug (D:1)
  7 orcs
  5 ball pythons
  A giant cockroach (D:4)
  3 goblins
  2 hobgoblins (D:1)
  A jackal (D:2)
  10 kobolds
  4 bats
  3 frilled lizards
  3 rats
103 creatures vanquished.

Notes
Turn   | Place    | Note
-------+----------+-------------------------------------------
     0 | D:1      | rlgrobin the Hill Orc Fighter began the quest for the Orb.
     0 | D:1      | Reached XP level 1. HP: 19/19 MP: 1/1
   269 | D:1      | Reached skill level 3 in Axes
   517 | D:1      | Reached XP level 2. HP: 26/26 MP: 2/2
   950 | D:2      | Found an iron altar of Okawaru.
  1054 | D:2      | Found a sacrificial altar of Ru.
  1169 | D:2      | Reached XP level 3. HP: 30/33 MP: 3/3
  1398 | D:3      | Found an ornate altar of the Wu Jian Council.
  1461 | D:3      | Reached XP level 4. HP: 31/40 MP: 4/4
  1557 | D:4      | Noticed Natasha
  1569 | D:4      | Killed Natasha
  1582 | D:4      | Noticed an ogre
  1593 | D:4      | Killed an ogre
  1593 | D:4      | Reached skill level 4 in Axes
  1593 | D:4      | Reached XP level 5. HP: 24/46 MP: 5/5
  1598 | D:4      | Reached skill level 5 in Axes
  1778 | D:4      | Noticed Natasha
  1792 | D:3      | Killed Natasha
  1792 | D:3      | Reached XP level 6. HP: 23/52 MP: 6/6
  2113 | D:4      | Got a fine hand axe
  2114 | D:4      | Identified the +8 hand axe of Nytohel {chop, *Rage rPois rF+++ MR-} (You found it on level 4 of the Dungeon)
  2174 | D:4      | Reached skill level 6 in Axes
  2405 | D:4      | Noticed Blork the orc
  2416 | D:4      | Killed Blork the orc
  2416 | D:4      | Reached skill level 5 in Shields
  2451 | D:4      | Gained mutation: You have a pair of small horns on your head. [potion of mutation]
  2451 | D:4      | Gained mutation: You have very sharp teeth. [potion of mutation]
  2451 | D:4      | Gained mutation: You have sharp toenails. [potion of mutation]
  2533 | D:5      | Entered Level 5 of the Dungeon
  2564 | D:5      | Noticed Sigmund
  2581 | D:5      | Killed Sigmund
  2581 | D:5      | Reached skill level 7 in Axes
  2581 | D:5      | Reached skill level 1 in Dodging
  2581 | D:5      | Reached XP level 7. HP: 41/60 MP: 7/7
  2896 | D:6      | Reached skill level 8 in Axes
  2921 | D:6      | Reached skill level 5 in Fighting
  2923 | D:6      | Reached XP level 8. HP: 44/68 MP: 8/8
  3089 | D:6      | Found an opulent altar of Gozag.
  3127 | D:7      | Reached skill level 5 in Armour
  3218 | D:7      | Reached skill level 9 in Axes
  3566 | D:9      | Found a shadowy altar of Dithmenos.
  3582 | D:10     | Entered Level 10 of the Dungeon
  3590 | D:10     | Noticed a yak
  3591 | D:10     | Noticed a yak
  3592 | D:10     | Noticed a yak
  3595 | D:10     | Noticed a yak
  3596 | D:10     | Noticed a yak
  3598 | D:10     | Noticed a yak
  3603 | D:10     | Killed a yak
  3605 | D:10     | Reached skill level 10 in Axes
  3606 | D:10     | Reached XP level 9. HP: 75/75 MP: 9/9
  3610 | D:10     | Reached skill level 1 in Stealth
  3621 | D:10     | Reached skill level 11 in Axes
  3731 | D:11     | Noticed a troll
  3745 | D:11     | Killed a troll
  4172 | D:12     | Found a portal to a secret trove of treasure.
  4216 | D:12     | Noticed a troll
  4221 | D:12     | Killed a troll
  4221 | D:12     | Reached skill level 12 in Axes
  4221 | D:12     | Reached XP level 10. HP: 86/86 MP: 10/10
  4229 | D:12     | Noticed a kobold demonologist
  4239 | D:12     | Noticed a manticore
  4245 | D:12     | Killed a kobold demonologist
  4249 | D:12     | Killed a manticore
  4513 | D:12     | Noticed a manticore
  4513 | D:12     | Noticed a six-headed hydra
  4514 | D:12     | Noticed a centaur warrior
  4514 | D:12     | Noticed a two-headed ogre
  4517 | D:12     | Noticed a cyclops
  4520 | D:12     | Shot with an arrow by a centaur warrior

Skill      XL: |  1  2  3  4  5  6  7  8  9 10 |
---------------+-------------------------------+-----
Axes           | 3 4 5 7 8 10 12 | 12.6
Shields        | 4 5 6 7 |  7.1
Fighting       | 4 5 6 7 |  7.7
Armour         | 4 5 6 7 |  7.4
Dodging        | 1 2 |  2.7
Stealth        | 1 |  1.3

Action                   |  1- 3 |  4- 6 |  7- 9 | 10-12 || total
-------------------------+-------+-------+-------+-------++-------
Melee: War axe           |   104 |    30 |       |       ||   134
       Hand axe          |       |    25 |   121 |    30 ||   176
       Kick              |       |     4 |    27 |    12 ||    43
       Headbutt          |       |     2 |    13 |     4 ||    19
       Bite              |       |     1 |     8 |     2 ||    11
  Use: Scroll            |     2 |       |       |       ||     2
       Potion            |     1 |     7 |     1 |     1 ||    10
  Eat: Ration            |     1 |       |     3 |       ||     4
Armor: Scale mail        |    61 |    18 |    36 |    16 ||   131
       Skin              |       |     1 |       |       ||     1
Dodge: Dodged            |    29 |    15 |    38 |     9 ||    91
Block: Shield            |    54 |    31 |    38 |    21 ||   144
